 Dungeon Crawl Stone Soup version 0.28.0-53-g5a82cb258f (webtiles) character file.

Game seed: 10798077355588061741

94 Zeld the Conjurer (level 4, -3/24 HPs)
             Began as a Gargoyle Conjurer on June 1, 2022.
             Slain by Crazy Yiuf
             ... wielding a +3 quarterstaff of chaos
              (10 damage)
             ... on level 2 of the Dungeon.
             The game lasted 00:02:50 (2875 turns).

Zeld the Conjurer (Gargoyle Conjurer)               Turns: 2875, Time: 00:02:50

Health: -3/24      AC:  5    Str: 10    XL:     4   Next: 63%
Magic:  4/8        EV: 11    Int: 21    God:
Gold:   83         SH:  0    Dex:  8    Spells: 5/8 levels left

rFire   . . .      SeeInvis .   (no weapon)
rCold   . . .      Faith    .   (no shield)
rNeg    + . .      Spirit   .   a - +0 robe
rPois   ∞          Reflect  .   (no helmet)
rElec   +          Harm     .   (no cloak)
rCorr   .          Rampage  .   (no gloves)
Will    .....                   (no boots)
Stlth   ++........              (no amulet)
HPRegen 0.08/turn               (no ring)
MPRegen 0.11/turn               (no ring)

@: no status effects
A: sickness immunity, AC +3, negative energy resistance 1, electricity
resistance, torment resistance 1, petrification resistance
a: no special abilities


You were on level 2 of the Dungeon.
You visited 1 branch of the dungeon, and saw 2 of its levels.

You collected 83 gold pieces.

Inventory:

Armour
 a - a +0 robe (worn)
Scrolls
 c - 2 scrolls of magic mapping {unknown}
 d - a scroll of teleportation {unknown}
 e - a scroll of fear {unknown}
 h - 3 scrolls of identify {unknown}
 i - a scroll of summoning {unknown}
Potions
 b - a potion of ambrosia {unknown}
 f - a potion of magic {unknown}
 g - 2 potions of heal wounds {unknown}
 j - a potion of attraction {unknown}


   Skills:
 - Level 1.5 Dodging
 - Level 2.1 Stealth
 * Level 2.9 Spellcasting
 + Level 4.6 Conjurations
 * Level 1.8 Hexes
 * Level 1.7 Translocations


You had 5 spell levels left.
You knew the following spells:

 Your Spells              Type           Power      Damage    Failure   Level
a - Magic Dart            Conj           88%        1d7       1%          1
b - Searing Ray           Conj           44%        2d6       3%          2

Your spell library contained the following spells:

 Spells                   Type           Power      Damage    Failure   Level
 Dazzling Flash           Conj/Hex       32%        N/A       11%         3
 Fulminant Prism          Conj/Hex       8%         3d7       34%         4
 Iskenderun's Mystic Bla  Conj/Tloc      16%        2d5       34%         4
 Passage of Golubria      Tloc           10%        N/A       54%         4
 Silence                  Hex/Air        3%         N/A       95%         5
 Lehudib's Crystal Spear  Conj/Erth      6%         10d3      100%        8


Dungeon Overview and Level Annotations

Branches:
Dungeon (2/15)

Altars:

Shops:
D:2 (

Annotations:
D:2 Crazy Yiuf


Innate Abilities, Weirdness & Mutations

You are immune to sickness and miasma.
Your stone body is resilient. (AC +3)
You are immune to poison.
You resist negative energy. (rN+)
You are resistant to electric shocks. (rElec)
You are resistant to unholy torment.
You are immune to petrification.


Message History

g - 2 sapphire potions (gained 1)
Found a mace.
Found a runed translucent door.
Crazy Yiuf shouts!
Crazy Yiuf says, "You light spinner!"
Key pressed, stopping explore.
No target in view!
Key pressed, stopping explore.
No target in view!
Crazy Yiuf shouts!
Crazy Yiuf sings, "Trees, trees, trees, circus!"
Could not explore, unopened runed door.
You open the door.
Casting: Searing Ray (safe; 3% risk of failure)
Confirm with . or Enter, or press ? or * to list all spells.
Aiming: Searing Ray (safe; 3% risk of failure)
Press: ? - help, Shift-Dir - straight line, f - Crazy Yiuf
Aim: Crazy Yiuf, wielding a +3 quarterstaff of chaos and wearing a +0 cloak (81% to hit)
The searing ray hits Crazy Yiuf!
Crazy Yiuf is heavily wounded. (Press . to maintain the ray.) Crazy Yiuf closely misses you.
The searing ray hits Crazy Yiuf but does no damage.
Crazy Yiuf is heavily wounded.
Crazy Yiuf hits you with a +3 quarterstaff of chaos.
Space warps horribly around you!
Ouch! That really hurt!
* * * LOW HITPOINT WARNING * * *
Unknown command.
Casting: Searing Ray (safe; 3% risk of failure)
Confirm with . or Enter, or press ? or * to list all spells.
You don't know that spell.
Casting: Searing Ray (safe; 3% risk of failure)
Confirm with . or Enter, or press ? or * to list all spells.
Aiming: Searing Ray (safe; 3% risk of failure)
Press: ? - help, Shift-Dir - straight line, f/p - Crazy Yiuf
Aim: Crazy Yiuf, wielding a +3 quarterstaff of chaos and wearing a +0 cloak (heavily wounded, 81% to hit)
The searing ray misses Crazy Yiuf. (Press . to maintain the ray.) Crazy Yiuf hits you with a +3 quarterstaff of chaos!
You die...

##### ##g# #...#
#.## ########
#.### ##.#
.......# #.#
##.##
######.######.###
##...#
#.##.......#
#....#
#.##.#####.#
#....# #.##.#
#.####....#
#.##.#
#.@g.....##
#.##.# #####...##
#.##.# #####
#.##.# #....#
####.# ###


You could see Crazy Yiuf.

Vanquished Creatures
  Natasha (twice) (D:2)
  2 dart slugs
  2 ball pythons (D:1)
  3 endoplasms
  A giant cockroach (D:1)
  6 hobgoblins
  5 kobolds
  A quokka (D:2)
  3 bats
  2 frilled lizards
  8 goblins
  3 rats (D:2)
38 creatures vanquished.

Notes
Turn   | Place    | Note
-------+----------+-------------------------------------------
     0 | D:1      | Zeld the Gargoyle Conjurer began the quest for the Orb.
     0 | D:1      | Reached XP level 1. HP: 10/10 MP: 3/3
    10 | D:1      | Found a faded altar of an unknown god.
   279 | D:1      | Reached XP level 2. HP: 15/15 MP: 1/5
   364 | D:1      | Learned a level 2 spell: Searing Ray
   530 | D:1      | Reached skill level 1 in Hexes
   996 | D:1      | Reached skill level 1 in Translocations
  1073 | D:1      | Reached XP level 3. HP: 19/19 MP: 2/6
  1490 | D:2      | Noticed Natasha
  1504 | D:2      | Killed Natasha
  1839 | D:2      | Found Cimoypn's Antique Weapon Emporium.
  1895 | D:2      | Reached XP level 4. HP: 24/24 MP: 2/8
  1969 | D:2      | Noticed Natasha
  1974 | D:2      | Killed Natasha
  2748 | D:2      | Found a runed translucent door.
  2749 | D:2      | Noticed Crazy Yiuf
  2875 | D:2      | Slain by Crazy Yiuf

Illustrated notes

Levels and vault maps discovered:
D:1:      lightli_arrival_chessboard, layout_loops_ring,
          nicolae_ecumenical_lake_church
D:2:      layout_basic, serial_shops, shop, minmay_tromino_v7,
          uniq_crazy_yiuf_cottage, uniq_natasha

Skill      XL: |  1  2 |
---------------+-------+-----
Hexes          | 1 |  1.8
Translocations | 1 |  1.7
Dodging        | |  1.5
Stealth        | |  2.1
Spellcasting   | |  2.9
Conjurations   | |  4.6

Action                   |  1- 3 |  4- 6 || total
-------------------------+-------+-------++-------
Melee: Unarmed           |    29 |     1 ||    30
       Punch             |     2 |       ||     2
 Cast: Magic Dart        |    29 |     1 ||    30
       Searing Ray       |    10 |    12 ||    22
Armor: Robe              |    26 |     3 ||    29
Dodge: Dodged            |    26 |     3 ||    29
